 Dungeon Crawl Stone Soup version 0.21.1-1-g345015f (webtiles) character file.

751 tyranidshit the Skirmisher (level 7, -2/60 HPs)
             Began as a Demonspawn Abyssal Knight on July 26, 2018.
             Was a Priest of Lugonu.
             Splashed by a jelly's acid (8 damage)
             ... on level 5 of the Dungeon.
             The game lasted 00:09:00 (3608 turns).

tyranidshit the Skirmisher (DsAK)                   Turns: 3608, Time: 00:09:01

Health: -2/60      AC:  6    Str: 15    XL:     7   Next: 49%
Magic:  9/9        EV: 10    Int: 13    God:    Lugonu [***...]
Gold:   167        SH:  0    Dex: 12    Spells: 4/6 levels left

rFire    + . .     SeeInvis +   a - +1 hand axe
rCold    + . .     Gourm    .   (no shield)
rNeg     . . .     Faith    +   g - +1 ring mail
rPois    +         Spirit   .   (helmet restricted)
rElec    .         Reflect  .   (no cloak)
rCorr    .         Harm     .   (no gloves)
MR       .....                  (no boots)
Stlth    +.........             f - amulet of faith
HPRegen  0.20/turn              n - ring of poison resistance
MPRegen  0.11/turn              s - ring of see invisible

@: no status effects
A: antennae 1, talons 2, cold resistance 1, fire resistance 1, no potion heal 1,
freezing cloud immunity
a: Depart the Abyss, Bend Space, Banish, Renounce Religion


You were on level 5 of the Dungeon.
You worshipped Lugonu.
Lugonu was most pleased with you.
You were not hungry.

You visited 1 branch of the dungeon, and saw 5 of its levels.
You visited the Abyss 1 time.

You collected 167 gold pieces.

Inventory:

Hand Weapons
 a - a +1 hand axe (weapon)
Armour
 b - a +0 leather armour
 g - a +1 ring mail (worn)
 i - a +0 buckler
Jewellery
 f - an amulet of faith (around neck)
 n - a ring of poison resistance (left hand)
 o - an uncursed ring of magical power
 s - a ring of see invisible (right hand)
Scrolls
 e - 3 scrolls of identify
 h - 4 scrolls of teleportation
 j - 5 scrolls of enchant armour
 k - 2 scrolls of fear
 m - 2 scrolls of remove curse
 r - a scroll of fog
Potions
 q - a potion of brilliance
Books
 l - a book of Cantrips

   Spells                             Type                      Level
   a - Confusing Touch                Hexes                        1
   b - Animate Skeleton               Necromancy                   1
   c - Summon Small Mammal            Summoning                    1
   d - Apportation                    Translocation                1
Comestibles
 c - 6 rations


   Skills:
 - Level 7.0 Fighting
 - Level 1.7 Axes
 + Level 4.2 Armour
 - Level 0.8 Dodging
 - Level 2.4 Invocations
   Level 3.0 Evocations


You had 4 spell levels left.
You knew the following spells:

 Your Spells              Type           Power        Failure   Level  Hunger
a - Apportation           Tloc           #.....       50%         1    ##.....
b - Animate Skeleton      Necr           N/A          50%         1    ##.....


Dungeon Overview and Level Annotations

Branches:
Dungeon (5/15)
 Temple: D:4-7

Altars:
Zin


Innate Abilities, Weirdness & Mutations

You have razor-sharp toenails.
Your flesh is cold resistant. (rC+)
You are immune to freezing clouds.
You have a pair of small antennae on your head.
Your flesh is heat resistant. (rF+)
Potions are less effective at restoring your health.


Message History

Lugonu accepts your kill.
Your Armour skill increases to level 4!
The now-empty wand crumbles to dust.
You see here a giant club.
Found 20 sling bullets.
A jelly comes into view.
The jelly quivers.
A jelly is nearby!
A jackal zombie comes into view.
The jelly hits you.
You are splashed with acid!
The acid burns!
You hit the jelly but do no damage.
Your hands burn!
The jelly hits you.
You are splashed with acid!
The acid burns!
* * * LOW HITPOINT WARNING * * *
You hit the jelly.
Your hands burn!
* * * LOW HITPOINT WARNING * * *
The jelly is moderately wounded.
The jelly hits you.
* * * LOW HITPOINT WARNING * * *
You are splashed with acid!
The acid burns!
You die...

####.....#####...
...............#
.###.....#######
#.....# ###.###
##.## ######...#
.........#
######.@.# ##J##
#Z# #.# #.# #.#
..# #.#


You could see a jelly and a jackal zombie.

Vanquished Creatures
  The ghost of tyranidshit the Skirmisher, an amateur DsAK of Lugonu (D:3)
  2 ogres
  A scorpion (D:4)
  An orc priest (D:4)
  A hound (D:4)
  An iguana (D:4)
  2 orc wizards (D:4)
  7 worker ants
  5 adders
  2 shadow imps (D:5)
  An ooze (D:2)
  3 worms
  4 dart slugs
  An orc (D:3)
  A ball python (D:2)
  3 giant cockroaches
  5 goblins
  3 hobgoblins
  9 jackals
  7 kobolds
  3 quokkas
  6 bats
  6 frilled lizards
  12 rats
87 creatures vanquished.

Notes
Turn   | Place    | Note
-------+----------+-------------------------------------------
     0 | Abyss:1  | tyranidshit the Demonspawn Abyssal Knight began the quest for the Orb.
     0 | Abyss:1  | Reached XP level 1. HP: 18/18 MP: 2/2
     7 | Abyss:2  | Noticed a large abomination
    68 | D:1      | Escaped the Abyss
   206 | D:1      | Reached * piety under Lugonu
   298 | D:1      | Gained mutation: You have sharp toenails. [demonic ancestry]
   298 | D:1      | Reached XP level 2. HP: 12/24 MP: 3/3
   613 | D:1      | Reached skill level 4 in Fighting
   954 | D:2      | Gained mutation: Potions are less effective at restoring your health. [potion of mutation]
   954 | D:2      | Gained mutation: Your flesh is heat resistant. (rF+) [potion of mutation]
   954 | D:2      | Gained mutation: You have a pair of small antennae on your head. [potion of mutation]
   954 | D:2      | Gained mutation: Your flesh is cold resistant. (rC+) [potion of mutation]
  1010 | D:2      | Reached XP level 3. HP: 21/30 MP: 4/4
  1433 | D:2      | Reached ** piety under Lugonu
  1433 | D:2      | Reached XP level 4. HP: 36/38 MP: 5/5
  1646 | D:3      | Noticed tyranidshit's ghost (amateur DsAK)
  1649 | D:3      | Killed tyranidshit's ghost
  1649 | D:3      | Mutation became permanent: Your flesh is cold resistant. (rC+) [demonic ancestry]
  1649 | D:3      | Gained mutation: Your flesh is cold resistant. (rC+) [demonic ancestry]
  1649 | D:3      | Reached XP level 5. HP: 43/43 MP: 5/7
  1674 | D:3      | Reached skill level 5 in Fighting
  1726 | D:3      | Learned a level 1 spell: Apportation
  1728 | D:3      | Learned a level 1 spell: Animate Skeleton
  2302 | D:3      | Noticed an ogre
  2307 | D:3      | Killed an ogre
  2307 | D:3      | Reached skill level 6 in Fighting
  2307 | D:3      | Gained mutation: You are immune to freezing clouds. [demonic ancestry]
  2307 | D:3      | Reached XP level 6. HP: 52/52 MP: 8/8
  2477 | D:3      | Reached *** piety under Lugonu
  2655 | D:4      | Reached skill level 7 in Fighting
  2967 | D:4      | Gained mutation: You have razor-sharp toenails. [demonic ancestry]
  2967 | D:4      | Reached XP level 7. HP: 51/60 MP: 9/9
  3097 | D:4      | Found a glowing silver altar of Zin.
  3493 | D:5      | Entered Level 5 of the Dungeon
  3608 | D:5      | Splashed by a jelly's acid

Skill      XL: |  1  2  3  4  5  6  7 |
---------------+----------------------+-----
Fighting       | 4 6 7 |  7.0
Evocations     | 2 3 |  3.0
Armour         | 2 4 |  4.2
Axes           | |  1.7
Dodging        | |  0.8
Invocations    | |  2.4

Action                   |  1- 3 |  4- 6 |  7- 9 || total
-------------------------+-------+-------+-------++-------
Melee: Hand axe          |    95 |   131 |    47 ||   273
       Kick              |    17 |    28 |    10 ||    55
Invok: Depart the Abyss  |     1 |       |       ||     1
Evoke: Wand              |     1 |     9 |     4 ||    14
  Use: Scroll            |     7 |     1 |       ||     8
       Potion            |     5 |     2 |       ||     7
  Eat: Ration            |     1 |     1 |       ||     2
       Chunk             |       |       |     2 ||     2
Armor: Leather armour    |     4 |       |       ||     4
       Ring mail         |    27 |    47 |    21 ||    95
Dodge: Dodged            |    55 |    76 |    42 ||   173
